 Dungeon Crawl Stone Soup version 0.25-a0-701-gb30f108f01 (webtiles) character file.

Game seed: 7085071465530501231, levelgen mode: deterministic

522338 KiliKikkendorf the Axe Maniac (level 25, -20/164 HPs)
             Began as a Hill Orc Fighter on Apr 2, 2020.
             Was a High Priest of Qazlal.
             Killed from afar by a Tzitzimitl (43 damage)
             ... with a bolt of negative energy
             ... summoned by an ancient lich
             ... on level 1 of the Abyss on Apr 3, 2020.
             The game lasted 09:51:15 (65986 turns).

KiliKikkendorf the Axe Maniac (Hill Orc Fighter)   Turns: 65986, Time: 09:51:16

Health: -20/164    AC: 32    Str: 27    XL:     25   Next: 93%
Magic:  0/31       EV:  8    Int:  8    God:    Qazlal [*****.]
Gold:   6004       SH: 27    Dex: 10    Spells: 24/24 levels left

rFire    + + +     SeeInvis +   v - +9 war axe (vamp)
rCold    + . .     Gourm    .   X - +0 kite shield {reflect}
rNeg     . . .     Faith    .   x - +8 plate armour {MR+}
rPois    +         Spirit   +   z - +2 hat {SInv}
rElec    +         Reflect  +   T - scarf {Spirit}
rCorr    .         Harm     .   p - +2 pair of gloves
MR       ++++.                  V - +0 pair of boots "Upluheck" {*Drain rF++ rC+ Slay+3}
Stlth    ..........             C - +5 amulet of reflection
HPRegen  0.77/turn              Y - ring of protection from magic
MPRegen  0.22/turn              K - ring "Keec Wej" {+Blink rElec rPois MP+9 Stlth-}

@: about to teleport, protected from fire, heavily drained, repel missiles
A: thin metallic scales 1, [blurry vision 2], deformed body, [deterioration 1],
fire resistance 1, frail 2[+1], [low mp 2], magic resistance 1, regeneration 1,
weak 2
}: 2/15 runes: decaying, gossamer
a: Upheaval, Elemental Force, Disaster Area, Renounce Religion, Evoke Blink


You were on level 1 of the Abyss.
You worshipped Qazlal.
Qazlal was extremely pleased with you.
You were not hungry.

You visited 10 branches of the dungeon, and saw 49 of its levels.
You visited the Abyss 2 times.
You also visited: Bailey, Gauntlet and Ice Cave.

You collected 8216 gold pieces.
You spent 2212 gold pieces at shops.

Inventory:

Hand Weapons
 c - a +3 eveningstar of holy wrath
 h - the +6 battleaxe of Guilt {vamp, *Slow rElec Str+2}
   (You found it in an ice cave)

   It inflicts no extra harm, but heals its wielder when it wounds a living foe.
   It affects your strength (+2).
   It insulates you from electricity.
   It may slow you when you take damage.
 v - a +9 vampiric war axe (weapon)
 B - a +4 war axe of flaming
 I - the +3 hand axe "Saufeg" {vorpal, rN+ Str+7 Dex-2}
   (You found it on level 3 of the Elven Halls)

   It inflicts extra damage upon your enemies.
   It affects your strength (+7).
   It affects your dexterity (-2).
   It protects you from negative energy.
 W - a +3 battleaxe of freezing
Missiles
 R - 58 silver javelins (quivered)
Armour
 p - a +2 pair of gloves (worn)
 x - a +8 plate armour of magic resistance (worn)
 z - a +2 hat of see invisible (worn)
 Q - +0 acid dragon scales
 T - a scarf of spirit shield (worn)
 V - the +0 pair of boots "Upluheck" (worn) {*Drain rF++ rC+ Slay+3}
   (You found it on level 4 of the Depths)

   It affects your accuracy and damage with ranged weapons and melee attacks
   (+3).
   It greatly protects you from fire.
   It protects you from cold.
   It causes draining when unequipped.
 X - a +0 kite shield of reflection (worn)
Jewellery
 b - an uncursed ring of protection from cold
 l - an uncursed ring of flight
 o - an uncursed ring of resist corrosion
 r - an uncursed ring of poison resistance
 C - a +5 amulet of reflection (around neck)
 H - a +5 ring of evasion
 J - an uncursed amulet of the gourmand
 K - the ring "Keec Wej" (right hand) {+Blink rElec rPois MP+9 Stlth-}
   (You found it in a Gauntlet)

   [ring of magical power]

   It insulates you from electricity.
   It protects you from poison.
   It affects your magic capacity (+9).
   It lets you blink.
   It makes you less stealthy.
 P - the amulet "Leeng" {+Blink +Rage rElec rN+}
   (You found it on level 1 of the Spider Nest)

   [amulet of rage]

   It insulates you from electricity.
   It protects you from negative energy.
   It lets you blink.
   It lets you go berserk.
 Y - a ring of protection from magic (left hand)
Wands
 i - a wand of disintegration (23)
 m - a wand of iceblast (17)
 n - a wand of enslavement (6)
 t - a wand of polymorph (19)
 w - a wand of acid (15)
 M - a wand of digging (18)
 O - a wand of clouds (5)
Scrolls
 e - 3 scrolls of remove curse
 j - a scroll of identify
 E - 12 scrolls of magic mapping
 G - a scroll of teleportation
 U - 6 scrolls of fog
Potions
 a - 9 potions of flight
 d - 2 potions of invisibility
 g - 2 potions of cancellation
 k - 7 potions of brilliance
 q - 5 potions of ambrosia
 s - 2 potions of magic
 u - a potion of lignification
 y - 2 potions of might
 A - a potion of haste
 D - 9 potions of curing
 F - 3 potions of resistance
 L - 3 potions of berserk rage
 N - 8 potions of stabbing
Miscellaneous
 Z - 3 phantom mirrors
Comestibles
 f - 38 rations


   Skills:
 * Level 21.2(19.5) Fighting
 O Level 27(25.0) Axes
 - Level 11.9(17.5) Maces & Flails
   Level 13.1(18.1) Polearms
 - Level 2.2(1.1) Throwing
 * Level 23.1(21.3) Armour
 - Level 1.0(0.0) Dodging
 - Level 1.0(0.0) Stealth
 + Level 20.7(19.0) Shields
 - Level 6.7(5.5) Invocations


You had 24 spell levels left.
You didn't know any spells.
Your spell library contained the following spells:

 Spells                   Type           Power        Failure   Level  Hunger
 Animate Skeleton         Necr           N/A          88%         1    ##.....
 Apportation              Tloc           #.....       88%         1    ##.....
 Beastly Appendage        Tmut           #.....       88%         1    ##.....
 Freeze                   Ice            #...         88%         1    ##.....
 Infusion                 Chrm           #...         88%         1    ##.....
 Magic Dart               Conj           #...         88%         1    ##.....
 Pain                     Necr           #...         88%         1    ##.....
 Sandblast                Erth           #.....       88%         1    ##.....
 Sting                    Tmut/Pois      #...         88%         1    ##.....
 Summon Butterflies       Summ           #.......     88%         1    ##.....
 Blink                    Tloc           N/A          96%         2    ###....
 Call Imp                 Summ           #.......     96%         2    ###....
 Ensorcelled Hibernation  Hex/Ice        #.....       96%         2    ###....
 Passwall                 Tmut/Erth      #.......     96%         2    ###....
 Poisonous Vapours        Pois/Air       #.....       96%         2    ###....
 Searing Ray              Conj           #.....       96%         2    ###....
 Shroud of Golubria       Chrm/Tloc      #.....       96%         2    ###....
 Slow                     Hex            #.......     96%         2    ###....
 Song of Slaying          Chrm           #.......     96%         2    ###....
 Sticks to Snakes         Tmut           #.......     96%         2    ###....
 Call Canine Familiar     Summ           #.......     99%         3    ####...
 Conjure Flame            Conj/Fire      #.......     99%         3    ####...
 Dazzling Flash           Conj/Hex       #.....       99%         3    ####...
 Frozen Ramparts          Ice            #.....       99%         3    ####...
 Gell's Gravitas          Tloc           #.........   99%         3    ####...
 Ignite Poison            Fire/Tmut/Pois #.......     99%         3    ####...
 Lesser Beckoning         Tloc           #.........   99%         3    ####...
 Mephitic Cloud           Conj/Pois/Air  #.......     99%         3    ####...
 Ozocubu's Armour         Chrm/Ice       #.......     99%         3    ####...
 Spectral Weapon          Hex/Chrm       #.......     99%         3    ####...
 Spider Form              Tmut/Pois      #.........   99%         3    ####...
 Static Discharge         Conj/Air       #.......     99%         3    ####...
 Stone Arrow              Conj/Erth      #.....       99%         3    ####...
 Teleport Other           Tloc           #.......     99%         3    ####...
 Tukima's Dance           Hex            #.......     99%         3    ####...
 Vampiric Draining        Necr           #.........   99%         3    ####...
 Animate Dead             Necr           N/A          100%        4    #####..
 Fulminant Prism          Conj/Hex       #.........   100%        4    #####..
 Hailstorm                Conj/Ice       #.......     100%        4    #####..
 Ice Form                 Ice/Tmut       #.......     100%        4    #####..
 Iskenderun's Mystic Bla  Conj/Tloc      #.......     100%        4    #####..
 Leda's Liquefaction      Hex/Erth       #.........   100%        4    #####..
 Olgreb's Toxic Radiance  Pois           #.......     100%        4    #####..
 Passage of Golubria      Tloc           N/A          100%        4    #####..
 Petrify                  Tmut/Erth      #.......     100%        4    #####..
 Sticky Flame             Conj/Fire      #.......     100%        4    #####..
 Summon Ice Beast         Ice/Summ       #.......     100%        4    #####..
 Agony                    Necr           #.......     100%        5    ######.
 Alistair's Intoxication  Tmut/Pois      #.......     100%        5    ######.
 Blade Hands              Tmut           #.........   100%        5    ######.
 Bolt of Magma            Conj/Fire/Erth #.........   100%        5    ######.
 Borgnjor's Vile Clutch   Necr/Erth      #.........   100%        5    ######.
 Lee's Rapid Deconstruct  Erth           #.........   100%        5    ######.
 Silence                  Hex/Air        #.........   100%        5    ######.
 Summon Mana Viper        Hex/Summ       #.......     100%        5    ######.
 Conjure Ball Lightning   Conj/Air       #.........   100%        6    #######
 Darkness                 Hex            #.........   100%        6    #######
 Freezing Cloud           Conj/Ice/Air   #.........   100%        6    #######
 Invisibility             Hex            #.......     100%        6    #######
 Iron Shot                Conj/Erth      #.........   100%        6    #######
 Shadow Creatures         Summ           N/A          100%        6    #######
 Statue Form              Tmut/Erth      #........    100%        6    #######
 Summon Hydra             Summ           #.........   100%        7    #######
 Shatter                  Erth           #.........   100%        9    #######
 Tornado                  Air            #.........   100%        9    #######


Dungeon Overview and Level Annotations

Branches:
Dungeon (15/15)            Temple (1/1) D:6            Lair (6/6) D:10
  Swamp (4/4) Lair:4       Spider (4/4) Lair:4        Slime (5/5) Lair:6
    Orc (2/2) D:12            Elf (3/3) Orc:2        Vaults (4/5) D:14
  Crypt (0/3) Vaults:3     Depths (5/5) D:15            Zot (0/5) Depths:5
 Bailey (visited)           IceCv (visited)         Gauntlet (visited)

Altars:
Ashenzari
Cheibriados
Dithmenos
Elyvilon
Fedhas
Gozag
Hepliaklqana
Kikubaaqudgha
Makhleb
Nemelex Xobeh
Okawaru
Qazlal
Ru
Sif Muna
Trog
Uskayaw
Vehumet
Wu Jian
Xom
Yredelemnul
Zin
The Shining One
Jiyva

Shops:
D:6 =   Orc:2 (((=(   Elf:3 :!!   Vaults:2 [!*   Vaults:3 *   Depths:1 *
Depths:5 *

Portals:
Hell: Depths:1 Depths:2 Depths:3 Depths:4 Depths:5
Abyss: Depths:2 Depths:4
Pandemonium: Depths:3 Depths:4
Ziggurat: Depths:5
Trove: Vaults:4 (show abyssal rune of Zot)

Annotations:
Slime:5 Royal Jelly
Depths:4 6 runed translucent doors


Innate Abilities, Weirdness & Mutations

You are partially covered in thin metallic scales. (AC +2)
Armour fits poorly on your strangely shaped body.
Your flesh is heat resistant. (rF+)
You are resistant to hostile enchantments. (MR+)
Your natural rate of healing is unusually fast.
You are very weak. (Str -4)
[Scrolls take you longer to read.]
[Your body sometimes deteriorates upon taking damage.]
[You are extremely frail. (-30% HP)]
[Your magical capacity is very low. (-20% MP)]


Message History

You kill the tormentor!
You hear a trumpeting!
You block the chaos spawn's attack.
You slash the ancient lich!
The ancient lich is severely damaged.
You slash the chaos spawn!
You kill the chaos spawn!
Qazlal accepts your kill.
The chaos spawn degenerates into a cloud of primal chaos!
The ancient lich touches you but does no damage.
You closely miss the ancient lich.
The ancient lich is severely damaged.
You slash the hungry ghost!
You destroy the hungry ghost!
Qazlal accepts your kill. The Tzitzimitl gestures at you.
The bolt of negative energy hits the ancient lich.
The ancient lich completely resists.
The bolt of negative energy hits you!!!
You feel drained.
You die...

# .4 . . ..
.. # . #. .
... .. ..
## .. .. .
.. . ..
..... . .
### # . .#
...
....###.###
. ... .
#...X.ยง@#
# # #..
##..XXL##
.## ##
.#....31# #
... ..
#....... #.
# .#......#
# ## .
##......#
#....... #
#.....#.
#.. . ..#
.#.....##
##.. ... 3.
## .. . .


You could see 3 starcursed masses, an ancient lich (invisible), a Tzitzimitl and
a smoke demon.

Vanquished Creatures
  A juggernaut (Depths:5)
  Bai Suzhen (Spider:4)
  Saint Roka (Vaults:2)
  A caustic shrike (Depths:2)
  Nikola (Spider:1)
  2 bone dragons
  2 tentacled monstrosities
  A Hell Sentinel (Abyss:3)
  Jorgrun (Elf:1)
  Rupert (D:15)
  A titan (Depths:2)
  3 liches
  24 acid blobs
  2 deep elf blademasters (Elf:3)
  Asterion (Depths:2)
  A thorn hunter (Swamp:4)
  3 tentacled starspawn (Abyss:4)
  Agnes (D:14)
  Kirke (Spider:4)
  5 shadow dragons
  5 sphinxes
  4 storm dragons
  Donald (Spider:4)
  3 ghost moths (Spider:4)
  15 azure jellies
  7 frost giants
  7 fire giants
  A draconian scorcher (Depths:5)
  An orc warlord (Orc:1)
  7 vault wardens
  A caustic shrike zombie (D:15)
  8 deep elf sorcerers
  A balrug (Abyss:4)
  9 deep elf elementalists
  A cacodemon (Abyss:4)
  Louise (Depths:4)
  The ghost of Tizejink the Severer, a journeyman MiFi of Makhleb (D:15)
  A draconian shifter (Depths:5)
  3 emperor scorpions (Spider:4)
  3 spriggan defenders
  20 stone giants
  20 ironheart preservers
  14 very ugly things
  4 vampire knights
  4 entropy weavers
  9 deep elf annihilators
  A green draconian (Depths:5)
  2 black draconians (Depths:5)
  3 spark wasps
  A purple draconian (Depths:5)
  2 minotaurs
  A white draconian (Depths:5)
  5 deep elf demonologists
  A red draconian (Depths:5)
  3 merfolk javelineers
  5 deep elf death magi
  2 deep elf high priests (Elf:3)
  9 fire dragons
  10 yaktaur captains
  7 death oozes
  7 ettins
  12 great orbs of eyes
  8 vault guards
  10 ice dragons
  Harold (D:7)
  8 rakshasas
  A hell beast (Depths:4)
  A ghost crab (Swamp:3)
  3 spriggan air magi (Depths:5)
  17 hydras
  4 shambling mangroves
  11 ogre magi
  4 alligators
  3 catoblepae
  28 two-headed ogres
  5 tengu warriors
  24 dancing weapons
  9 centaur warriors
  The ghost of glosham the Basher, a journeyman KoAK of Lugonu (Lair:2)
  9 deep troll earth magi
  2 hell hogs (Depths:2)
  A death yak (Lair:4)
  7 deep troll shamans
  An orc high priest (Elf:3)
  A vampire mage (D:14)
  Urug (D:12)
  18 deep elf knights
  5 spriggan berserkers
  4 thrashing horrors
  3 wretched stars
  3 sixfirhies (Abyss:4)
  An iron troll (shapeshifter) (Depths:3)
  A salamander mystic (Depths:2)
  7 skeletal warriors
  37 deep trolls
  6 small abominations
  9 hell knights
  An iron troll (Depths:5)
  3 unseen horrors
  A spatial maelstrom (Abyss:3)
  A death drake (Abyss:3)
  5 flayed ghosts
  5 glowing orange brains
  An infernal demonspawn (Depths:4)
  25 starcursed masses
  5 wizards
  A tengu zombie (Vaults:1)
  A harpy (shapeshifter) (D:13)
  13 swamp dragons
  4 deep elf archers
  24 ironbrand convokers
  10 orc knights
  9 orb spiders
  3 harpies (Vaults:4)
  A lindwurm (Lair:4)
  A phantasmal warrior (Vaults:4)
  Pikel (D:3)
  29 wolf spiders
  A frost giant zombie (D:15)
  A moth of wrath (Spider:4)
  59 ugly things
  5 necromancers
  3 manticores
  5 shining eyes
  11 cyclopes
  4 salamanders
  51 deep elf magi
  A salamander (shapeshifter) (D:13)
  2 black mambas
  4 torpor snails
  2 guardian serpents (Abyss:4)
  15 vault sentinels
  2 frost giant skeletons
  A rust devil (Depths:4)
  A water nymph (shapeshifter) (Vaults:4)
  2 human skeletons (Vaults:3)
  2 orange demons
  An apocalypse crab (Abyss:4)
  9 gargoyles
  5 smoke demons
  2 molten gargoyles (Gauntlet)
  4 ice statues
  28 spiny frogs
  3 centaur skeletons
  3 eyes of devastation
  2 rime drakes
  7 komodo dragons
  A rime drake (shapeshifter) (Vaults:3)
  An ice devil (Depths:4)
  A kobold demonologist (D:12)
  7 freezing wraiths
  25 yaktaurs
  19 demonic crawlers
  5 tengu conjurers
  A yaktaur skeleton (Vaults:3)
  21 trolls
  18 polar bears
  An ancient zyme (Abyss:1)
  A jumping spider (shapeshifter) (Vaults:1)
  Grinder (D:4)
  30 jumping spiders
  10 tyrant leeches
  30 hornets
  A raiju (shapeshifter) (Vaults:4)
  4 bog bodies
  An ettin zombie (D:15)
  9 raiju
  153 slime creatures
  18 blink frogs
  A fire giant simulacrum (Vaults:1)
  13 dream sheep (Lair:6)
  A centaur simulacrum (D:14)
  8 hippogriffs
  A hippogriff (shapeshifter) (D:14)
  A frost giant simulacrum (Depths:1)
  53 redbacks
  An ice dragon skeleton (D:15)
  A vampire (D:15)
  3 wraiths
  A ynoxinul (Abyss:4)
  A redback (shapeshifter) (Depths:4)
  37 yaks
  19 spriggans
  A fire dragon skeleton (Depths:1)
  2 shadows
  An air elemental (Elf:3)
  9 water elementals
  25 tarantellas
  4 fire elementals
  8 golden eyes (Slime:4)
  5 hungry ghosts
  5 wyverns
  5 basilisks
  2 chaos spawn
  3 neqoxecs
  A yaktaur simulacrum (Depths:1)
  19 vampire mosquitoes
  A warg (shapeshifter) (Vaults:4)
  12 insubstantial wisps
  14 wargs
  An acid dragon (shapeshifter) (Depths:2)
  An ogre zombie (Vaults:1)
  A spatial vortex (Abyss:3)
  11 swamp worms
  16 water moccasins
  A water moccasin (shapeshifter) (Depths:4)
  2 acid dragons
  A soldier ant (shapeshifter) (Depths:3)
  15 large abominations
  6 porcupines
  40 orc warriors
  9 hell hounds (Depths:2)
  2 floating eyes
  12 swamp drakes
  9 sky beasts
  7 black bears
  14 eyes of draining
  12 ice beasts
  3 slaves (D:3)
  6 phantoms
  An ogre (shapeshifter) (Vaults:3)
  12 centaurs
  5 necrophages (D:7)
  29 wolves
  14 boggarts
  41 ogres
  The ghost of hemabe the Charlatan, an amateur HuAr (D:3)
  13 crocodiles
  Blork the orc (D:5)
  26 bullfrogs
  A human zombie (Vaults:3)
  A yaktaur zombie (Vaults:1)
  2 earth elementals
  6 scorpions
  A human simulacrum (Vaults:1)
  19 killer bees
  19 wights
  3 electric eels
  4 howler monkeys
  5 crimson imps
  5 centaur zombies
  3 quasits
  8 jellies
  5 bullfrog skeletons
  22 orc wizards
  9 hounds
  4 iguanas
  16 orc priests
  Crazy Yiuf (D:4)
  An iron imp (Depths:4)
  7 worker ants
  A killer bee zombie (D:8)
  2 hound zombies
  2 hound skeletons
  3 gnolls (D:4)
  13 adders
  5 shadow imps
  5 white imps
  3 ufetubi
  2 oozes
  An ooze (shapeshifter) (Depths:5)
  2 adder skeletons
  3 worms
  3 dart slugs
  10 leopard geckos
  111 orcs
  5 giant cockroaches
  15 goblins
  7 hobgoblins
  7 jackals
  9 kobolds
  8 quokkas
  A ball python (D:2)
  A ball python skeleton (D:4)
  6 bats
  5 frilled lizards
  A giant cockroach zombie (D:6)
  A jackal skeleton (D:4)
  12 rats
  A briar patch (Swamp:4)
  3 fungi
  7 plants
  3 starspawn tentacles (Abyss:4)
2238 creatures vanquished.

Vanquished Creatures (collateral kills)
  The ghost of Erghig the Dealer of Despair, an adept DrIE of Kikubaaqudgha (Vaults:1)
  Aizul (Vaults:4)
  A hydra (Lair:4)
  A cyclops (Vaults:2)
  A komodo dragon (shapeshifter) (D:13)
  3 slime creatures
  A dream sheep (Lair:6)
  A warg (D:14)
  An orc warrior (Orc:2)
  A black bear (D:12)
  2 orcs
14 creatures vanquished.

Vanquished Creatures (others)
  2 deep elf master archers (Elf:3)
  A stone giant (Depths:4)
  An orc high priest (Elf:2)
  A deep elf knight (Elf:2)
  A spriggan druid (Swamp:4)
  A deep troll (Vaults:3)
  A swamp dragon (Swamp:4)
  An ironbrand convoker (Vaults:1)
  2 deep elf archers
  A wizard (Vaults:3)
  A deep elf mage (Elf:2)
  A cyclops (Vaults:2)
  A yaktaur (Depths:2)
  4 humans (Spider:4)
  A swamp worm (Swamp:4)
  An orc warrior (Orc:1)
  A swamp drake (Swamp:4)
  An ogre (D:4)
  A centaur (D:11)
  A bullfrog zombie (D:13)
  A gnoll (D:4)
  A dart slug (D:4)
  An orc (Orc:1)
  2 bushes (D:7)
  3 fungi
  24 plants
  14 starspawn tentacles (Abyss:4)
  A withered plant (D:15)
72 creatures vanquished.

Grand Total: 2324 creatures vanquished

Notes
Turn   | Place    | Note
-------+----------+-------------------------------------------
     0 | D:1      | KiliKikkendorf the Hill Orc Fighter began the quest for the
                  | Orb.
     0 | D:1      | Reached XP level 1. HP: 19/19 MP: 1/1
    68 | D:1      | Reached XP level 2. HP: 27/27 MP: 2/2
    80 | D:1      | Reached skill level 3 in Axes
   213 | D:1      | Reached XP level 3. HP: 23/33 MP: 3/3
   497 | D:2      | Reached skill level 4 in Axes
   601 | D:2      | Reached XP level 4. HP: 20/40 MP: 4/4
  1372 | D:3      | Found a snail-covered altar of Cheibriados,
  1638 | D:3      | Found a shattered altar of Ashenzari,
  1656 | D:3      | Reached XP level 5. HP: 34/46 MP: 5/5
  1672 | D:3      | Reached skill level 5 in Axes
  1787 | D:3      | Reached skill level 1 in Dodging
  2052 | D:3      | Found a runed translucent door,
  2054 | D:3      | Noticed hemabe's ghost (amateur HuAr)
  2075 | D:3      | Killed hemabe's ghost
  2075 | D:3      | Reached XP level 6. HP: 43/53 MP: 6/6
  2398 | D:4      | Found a bloodstained altar of Trog,
  2472 | D:4      | Noticed Grinder
  2491 | D:4      | Paralysed by Grinder for 6 turns
  2533 | D:3      | Reached skill level 6 in Axes
  2782 | D:4      | Paralysed by Grinder for 2 turns
  2786 | D:4      | Paralysed by Grinder for 2 turns
  2790 | D:4      | Paralysed by Grinder for 7 turns
  3172 | D:4      | Reached skill level 5 in Shields
  3172 | D:4      | Reached XP level 7. HP: 20/60 MP: 7/7
  3391 | D:4      | Noticed Pikel
  3440 | D:3      | Reached skill level 7 in Axes
  3864 | D:3      | Killed Pikel
  3864 | D:3      | Reached skill level 5 in Fighting
  3864 | D:3      | Reached skill level 8 in Axes
  3864 | D:3      | Reached skill level 5 in Armour
  3864 | D:3      | Reached XP level 8. HP: 48/69 MP: 8/8
  4183 | D:4      | Found a runed translucent door,
  4184 | D:4      | Noticed Crazy Yiuf
  4190 | D:4      | Killed Crazy Yiuf
  4504 | D:4      | Found a shadowy altar of Dithmenos,
  4507 | D:4      | Killed Grinder
  4507 | D:4      | Reached skill level 9 in Axes
  4757 | D:5      | Entered Level 5 of the Dungeon
  4764 | D:5      | Found a glowing silver altar of Zin,
  4814 | D:5      | Noticed Blork the orc
  4828 | D:5      | Killed Blork the orc
  4828 | D:5      | Reached skill level 10 in Axes
  4828 | D:5      | Reached XP level 9. HP: 66/75 MP: 9/9
  5392 | D:6      | Found a staircase to the Ecumenical Temple,
  5408 | Temple   | Entered the Ecumenical Temple
  5485 | Temple   | Became a worshipper of Qazlal Stormbringer
  5681 | D:5      | Reached skill level 11 in Axes
  5703 | D:6      | Reached skill level 1 in Invocations
  6028 | D:6      | Found Xexeun's Jewellery Shop,
  6588 | D:7      | Found a glowing golden altar of the Shining One,
  6588 | D:7      | Found a sacrificial altar of Ru,
  6588 | D:7      | Found an ancient bone altar of Kikubaaqudgha,
  6588 | D:7      | Found an ornate altar of the Wu Jian Council,
  6591 | D:7      | Noticed Harold
  6627 | D:7      | Found a hide-covered altar of Uskayaw,
  6644 | D:7      | Killed Harold
  6658 | D:7      | Found a bloodstained altar of Trog,
  6812 | D:7      | Reached XP level 10. HP: 69/86 MP: 12/12
  6826 | D:7      | Found a blossoming altar of Fedhas,
  7528 | D:7      | Reached skill level 12 in Axes
  7637 | D:8      | Found a white marble altar of Elyvilon,
  7679 | D:8      | Reached * piety under Qazlal
  8087 | D:8      | Found a flagged portal,
  8101 | Bailey   | Entered a bailey
  8282 | Bailey   | Noticed an orc knight
  8288 | Bailey   | Noticed an orc knight
  8612 | D:8      | Reached ** piety under Qazlal
  8894 | D:8      | Reached skill level 5 in Invocations
  9307 | D:9      | Paralysed by a hornet for 1 turns
  9314 | D:9      | Paralysed by a hornet for 3 turns
  9320 | D:9      | Paralysed by a hornet for 1 turns
  9324 | D:9      | Reached skill level 1 in Maces & Flails
  9563 | D:9      | Found a sacrificial altar of Ru,
  9632 | D:9      | Reached XP level 11. HP: 77/93 MP: 10/14
  9832 | D:10     | Entered Level 10 of the Dungeon
 10270 | D:10     | Reached skill level 10 in Shields
 10403 | D:10     | Reached skill level 5 in Maces & Flails
 10405 | D:10     | Noticed a cyclops
 10655 | D:10     | Killed a cyclops
 10885 | D:10     | Found a staircase to the Lair,
 11413 | Lair:1   | Entered Level 1 of the Lair of Beasts
 11518 | D:10     | Reached *** piety under Qazlal
 12337 | Lair:1   | Noticed a seven-headed hydra
 12357 | D:10     | Killed a seven-headed hydra
 12466 | Lair:1   | Reached XP level 12. HP: 103/103 MP: 11/16
 12617 | Lair:1   | Found a runed translucent gate,
 12618 | Lair:1   | Found a runed translucent gate,
 12619 | Lair:1   | Found a runed translucent gate,
 12690 | Lair:1   | HP: 5/103 [poisoned by a spiny frog]
 12699 | Lair:1   | HP: 5/103 [poisoned by a spiny frog]
 12704 | Lair:1   | HP: 5/103 [poisoned by a spiny frog]
 12711 | Lair:1   | HP: 5/103 [poisoned by a spiny frog]
 12753 | Lair:1   | Reached skill level 1 in Throwing
 12878 | Lair:1   | Noticed glosham's ghost (journeyman KoAK)
 13289 | Lair:1   | Noticed a minotaur
 13750 | Lair:2   | You fall into a shaft and drop 2 floors!
 13760 | Lair:4   | Found a staircase to the Swamp,
 13791 | Lair:4   | Reached skill level 13 in Axes
 15303 | Lair:3   | Reached skill level 14 in Axes
 15308 | Lair:3   | Reached XP level 13. HP: 103/111 MP: 15/17
 15886 | Lair:4   | Reached skill level 10 in Maces & Flails
 15979 | Lair:4   | Found a hole to the Spider Nest,
 17008 | Lair:5   | Noticed an ice dragon
 17044 | Lair:5   | Killed an ice dragon
 17543 | Lair:5   | Reached skill level 10 in Fighting
 18328 | Lair:6   | Entered Level 6 of the Lair of Beasts
 18558 | Lair:6   | Reached skill level 1 in Polearms
 18583 | Lair:6   | Reached skill level 15 in Axes
 18629 | Lair:6   | Found a gate leading to a gauntlet,
 18709 | Lair:6   | Reached **** piety under Qazlal
 18739 | Lair:6   | Reached XP level 14. HP: 117/122 MP: 7/18
 18801 | Gauntlet | Entered a Gauntlet
 18801 | Gauntlet | Found a transporter,
 18801 | Gauntlet | Found a transporter,
 18801 | Gauntlet | Found a transporter,
 18823 | Gauntlet | Found a transporter,
 18833 | Gauntlet | Found a transporter,
 18836 | Gauntlet | Found a transporter,
 18847 | Gauntlet | Found a transporter,
 18866 | Gauntlet | Found a transporter,
 18890 | Gauntlet | Found a transporter,
 18890 | Gauntlet | Found a transporter,
 18898 | Gauntlet | Found a transporter,
 18901 | Gauntlet | Found a transporter,
 18931 | Gauntlet | Found the ring of Phasing {EV+8}
 19185 | Gauntlet | Got a bound marble ring
 19283 | Gauntlet | Reached skill level 1 in Stealth
 19753 | Gauntlet | Identified the ring "Keec Wej" {+Blink rElec rPois MP+9
                  | Stlth-} (You found it in a Gauntlet)
 20255 | Lair:6   | Found a staircase to the Slime Pits,
 20314 | Lair:6   | Identified Tixoshal's Papyrus of Lethal Arcane Weapons
 21395 | D:11     | Identified the cursed +0 scale mail of Coit {*Drain rN++
                  | rCorr}
 21462 | D:11     | Reached skill level 16 in Axes
 22084 | D:12     | Noticed Urug
 22149 | D:12     | Found a hazy altar of Hepliaklqana,
 22175 | D:12     | Killed Urug
 22817 | D:12     | Found a staircase to the Orcish Mines,
 22828 | Orc:1    | Entered Level 1 of the Orcish Mines
 22948 | Orc:2    | Entered Level 2 of the Orcish Mines
 22962 | Orc:2    | Found Liocunko's Antique Weapon Shoppe,
 23101 | Orc:2    | Reached skill level 5 in Polearms
 23275 | Orc:1    | Found a frozen archway,
 23300 | IceCv    | Entered an ice cave
 23320 | IceCv    | Reached XP level 15. HP: 104/130 MP: 20/20
 23686 | IceCv    | Noticed a frost giant
 23698 | IceCv    | Killed a frost giant
 23760 | IceCv    | Got a jewelled battleaxe
 23761 | IceCv    | Identified the +6 battleaxe of Guilt {vamp, *Slow rElec
                  | Str+2} (You found it in an ice cave)
 24286 | Orc:1    | Noticed an orc warlord
 24313 | Orc:1    | Killed an orc warlord
 24313 | Orc:1    | Reached skill level 17 in Axes
 24599 | Orc:2    | Reached skill level 18 in Axes
 24780 | Orc:2    | Found a staircase to the Elven Halls,
 24827 | Orc:2    | Found Cuamn's Antique Weapon Shop,
 24830 | Orc:2    | Found Yruo's Antique Weapon Shoppe,
 24833 | Orc:2    | Found Jionisak's Jewellery Shoppe,
 24833 | Orc:2    | Found Gatuxoac's Weapon Emporium,
 24855 | Orc:2    | Bought an uncursed ring of resist corrosion for 280 gold
                  | pieces
 26267 | D:14     | Reached skill level 10 in Polearms
 26311 | D:14     | Reached XP level 16. HP: 137/137 MP: 21/21
 27097 | D:14     | Found a shimmering blue altar of Sif Muna,
 27155 | D:14     | Found a gate to the Vaults,
 27487 | D:15     | Entered Level 15 of the Dungeon
 27513 | D:15     | Noticed Agnes
 27775 | D:15     | Noticed Rupert
 28003 | D:15     | Killed Rupert
 28411 | D:14     | Killed Agnes
 28674 | D:15     | Found a staircase to the Depths,
 28753 | D:14     | Reached skill level 10 in Armour
 29093 | D:15     | Reached skill level 19 in Axes
 29100 | D:15     | Upgraded the game from 0.25-a0-699-g25a338df49 to
                  | 0.25-a0-701-gb30f108f01
 29165 | D:15     | Noticed Tizejink's ghost (journeyman MiFi)
 29169 | D:15     | Found a runed translucent door.
 29182 | D:15     | Found a sparkling altar of Nemelex Xobeh.
 29459 | D:15     | Killed Tizejink's ghost
 29776 | Lair:2   | Killed glosham's ghost
 30171 | Swamp:1  | Entered Level 1 of the Swamp
 30292 | Spider:1 | Entered Level 1 of the Spider Nest
 30627 | Spider:1 | Got a smoking amethyst amulet
 30628 | Spider:1 | Identified the amulet "Leeng" {+Blink +Rage rElec rN+} (You
                  | found it on level 1 of the Spider Nest)
 30895 | Spider:1 | Noticed Nikola
 30911 | Spider:1 | Killed Nikola
 31339 | Spider:2 | Reached XP level 17. HP: 132/144 MP: 22/22
 31649 | Spider:2 | Got a crystal spear
 31650 | Spider:2 | Identified the +9 spear "Eneptu Ydeam" {speed, MP-9 Int+6
                  | SInv} (You found it on level 2 of the Spider Nest)
 32308 | Spider:1 | Reached skill level 20 in Axes
 33978 | Spider:4 | Entered Level 4 of the Spider Nest
 34362 | Spider:4 | Noticed Bai Suzhen
 34726 | Spider:4 | Noticed Kirke
 34756 | Spider:4 | Killed Kirke
 35012 | Spider:4 | Killed Bai Suzhen
 35224 | Spider:4 | Noticed Donald
 35249 | Spider:4 | Killed Donald
 35416 | Spider:4 | Reached skill level 21 in Axes
 35783 | Spider:4 | Reached XP level 18. HP: 95/151 MP: 23/23
 36345 | Spider:4 | Reached skill level 15 in Armour
 36396 | Spider:4 | Got a gossamer rune of Zot
 38997 | Swamp:4  | Entered Level 4 of the Swamp
 39356 | Swamp:4  | Reached skill level 22 in Axes
 39693 | Swamp:4  | Got a decaying rune of Zot
 39745 | Swamp:4  | Got a shimmering leather armour
 39756 | Swamp:4  | Identified the +1 leather armour "Ecyufig" {rPois rF- rCorr
                  | Str+4} (You found it on level 4 of the Swamp)
 40464 | Vaults:1 | Entered Level 1 of the Vaults
 40779 | Vaults:1 | Reached XP level 19. HP: 158/158 MP: 24/24
 41868 | Vaults:1 | Found a runed translucent door.
 41870 | Vaults:1 | Noticed Erghig's ghost (adept DrIE)
 41935 | Vaults:1 | Killed Erghig's ghost
 42248 | Vaults:1 | Reached skill level 23 in Axes
 42902 | Vaults:2 | Noticed Saint Roka
 43025 | Vaults:2 | Killed Saint Roka
 43421 | Vaults:2 | Found Qiokonke's Distillery.
 43431 | Vaults:2 | Bought a potion of heal wounds for 65 gold pieces
 43431 | Vaults:2 | Bought a potion of resistance for 130 gold pieces
 43431 | Vaults:2 | Bought a potion of curing for 39 gold pieces
 43607 | Vaults:2 | You fall into a shaft and drop 2 floors!
 43607 | Vaults:4 | Noticed Aizul
 43628 | Vaults:4 | Killed Aizul
 43628 | Vaults:4 | Reached XP level 20. HP: 134/166 MP: 14/25
 43659 | Vaults:4 | Reached skill level 24 in Axes
 43933 | Vaults:4 | Found a portal to a secret trove of treasure.
 44422 | Vaults:3 | Reached ***** piety under Qazlal
 44453 | Vaults:3 | Reached skill level 25 in Axes
 44570 | Vaults:3 | Found Muemux's General Store.
 44578 | Vaults:3 | Bought a ration for 85 gold pieces
 44578 | Vaults:3 | Bought 2 scrolls of enchant weapon for 255 gold pieces
 44578 | Vaults:3 | Bought a ration for 85 gold pieces
 44578 | Vaults:3 | Bought a ration for 85 gold pieces
 44926 | Vaults:2 | Found Lycseug's Assorted Antiques.
 44935 | Vaults:2 | Bought a scroll of teleportation for 111 gold pieces
 45360 | Vaults:2 | Reached XP level 21. HP: 150/171 MP: 19/26
 45419 | Vaults:2 | Found Etoales's Armour Boutique.
 45980 | Vaults:3 | Found a staircase to the Crypt.
 47021 | Vaults:4 | Reached skill level 26 in Axes
 47274 | Vaults:4 | Got an ichor-stained ring mail
 47275 | Vaults:4 | Identified the +1 ring mail of the Postmodern Demons
                  | {*Contam rC+ Str+3 Int+8} (You found it on level 4 of the
                  | Vaults)
 48226 | Elf:1    | Entered Level 1 of the Elven Halls
 48534 | Elf:1    | Identified the Reference Book on Conjuration
 48567 | Elf:1    | Noticed Jorgrun
 48583 | Elf:1    | Killed Jorgrun
 49382 | Elf:2    | Found a runed translucent gate.
 49382 | Elf:2    | Found a runed translucent gate.
 49382 | Elf:2    | Found a runed translucent gate.
 49443 | Elf:2    | Gained mutation: You evolve. [potion of mutation]
 49443 | Elf:2    | Gained mutation: You are resistant to hostile enchantments.
                  | (MR+) [potion of mutation]
 49443 | Elf:2    | Gained mutation: Your natural rate of healing is unusually
                  | fast. [potion of mutation]
 50280 | Elf:3    | Entered Level 3 of the Elven Halls
 50527 | Depths:1 | Entered Level 1 of the Depths
 50545 | Depths:1 | Reached XP level 22. HP: 184/184 MP: 27/27
 50743 | Depths:1 | Gained mutation: Your flesh is heat resistant. (rF+)
                  | [evolution]
 50813 | Depths:1 | You fall into a shaft and drop 1 floor!
 50816 | Depths:2 | Noticed a caustic shrike
 50835 | Depths:2 | Killed a caustic shrike
 51527 | Depths:2 | Identified the cursed +1 chain mail of Jomueg {rElec MR+++
                  | Str-3 Int-2}
 51690 | Depths:2 | Reached skill level 27 in Axes
 51847 | Depths:2 | Reached skill level 15 in Fighting
 52054 | Depths:1 | Found Hyffayd's Assorted Antiques.
 52061 | Depths:1 | Bought a scroll of teleportation for 96 gold pieces
 52061 | Depths:1 | Bought a scroll of teleportation for 96 gold pieces
 52294 | Depths:1 | Found a gateway to Hell.
 52562 | Depths:2 | Found a one-way gate to the infinite horrors of the Abyss.
 52928 | Depths:2 | Found a bloodstained altar of Trog.
 53586 | Depths:3 | Found a one-way gate leading to the halls of Pandemonium.
 53707 | Depths:3 | Identified the +11 whip of the Endless Expanse {protect,
                  | rF+ rN++}
 53786 | Depths:3 | Reached ****** piety under Qazlal
 53835 | Depths:3 | Reached XP level 23. HP: 175/204 MP: 28/28
 54052 | Depths:3 | Noticed Asterion
 54069 | Depths:3 | Paralysed by a lich for 2 turns
 54089 | Depths:2 | Killed Asterion
 55679 | Depths:4 | Got a pair of brightly glowing boots
 55716 | Depths:4 | Identified the +0 pair of boots "Upluheck" {*Drain rF++ rC+
                  | Slay+3} (You found it on level 4 of the Depths)
 56100 | Depths:4 | Noticed Louise
 56114 | Depths:4 | Killed Louise
 56651 | Depths:4 | Reached skill level 15 in Shields
 56750 | Depths:4 | Found a runed translucent gate.
 56750 | Depths:4 | Found a runed translucent gate.
 56750 | Depths:4 | Found a runed translucent gate.
 56798 | Depths:4 | Found a runed translucent gate.
 56798 | Depths:4 | Found a runed translucent gate.
 56798 | Depths:4 | Found a runed translucent gate.
 57155 | Depths:5 | Entered Level 5 of the Depths
 57596 | Depths:5 | Paralysed by a floating eye for 4 turns
 57607 | Depths:5 | Paralysed by a floating eye for 3 turns
 57879 | Depths:5 | Found Pafopn's Demolitions Depot.
 58053 | Depths:5 | Noticed a juggernaut
 58103 | Depths:5 | Killed a juggernaut
 58103 | Depths:5 | Reached XP level 24. HP: 120/217 MP: 4/28
 58325 | Depths:5 | Found a gate to the Realm of Zot.
 58589 | Depths:5 | Found a gateway to a ziggurat.
 58950 | Depths:2 | Gained mutation: You are partially covered in thin metallic
                  | scales. (AC +2) [evolution]
 58950 | Depths:2 | Lost mutation: You evolve. [end of evolution]
 59352 | Elf:3    | Found Dymick's Book Shop.
 60129 | Elf:3    | Got an ichor-stained scale mail
 60130 | Elf:3    | Identified the +6 scale mail of Syndicalism {rC+++ MR-
                  | Int+5} (You found it on level 3 of the Elven Halls)
 60177 | Elf:3    | Found Alyhoy's Distillery.
 60178 | Elf:3    | Found Kapij's Distillery.
 60224 | Elf:3    | Bought a potion of berserk rage for 55 gold pieces
 60224 | Elf:3    | Bought a potion of curing for 33 gold pieces
 60224 | Elf:3    | Bought a potion of might for 44 gold pieces
 60224 | Elf:3    | Bought a potion of heal wounds for 55 gold pieces
 60224 | Elf:3    | Bought a potion of heal wounds for 55 gold pieces
 60224 | Elf:3    | Bought a potion of invisibility for 88 gold pieces
 60255 | Elf:3    | Bought a potion of resistance for 150 gold pieces
 60255 | Elf:3    | Bought a potion of berserk rage for 75 gold pieces
 60255 | Elf:3    | Bought a potion of invisibility for 120 gold pieces
 60255 | Elf:3    | Bought a potion of might for 60 gold pieces
 60255 | Elf:3    | Bought a potion of resistance for 150 gold pieces
 60450 | Elf:3    | Identified the Incunabulum of Augmentations and the Birds
 60476 | Elf:3    | Got an ebony hand axe
 60477 | Elf:3    | Identified the +3 hand axe "Saufeg" {vorpal, rN+ Str+7
                  | Dex-2} (You found it on level 3 of the Elven Halls)
 60488 | Elf:3    | Got a smoking mace
 60489 | Elf:3    | Identified the +1 mace of Ancient Evil {freeze, Dex+4} (You
                  | found it on level 3 of the Elven Halls)
 61194 | Slime:1  | Entered Level 1 of the Pits of Slime
 61548 | Slime:1  | Gained mutation: [You are frail. (-10% HP)] [a shining eye]
 61553 | Slime:1  | Gained mutation: Armour fits poorly on your strangely
                  | shaped body. [a shining eye]
 62509 | Slime:3  | Reached XP level 25. HP: 186/204 MP: 28/28
 62703 | Slime:3  | Found a viscous altar of Jiyva.
 63681 | Slime:5  | Entered Level 5 of the Pits of Slime
 63736 | Slime:5  | Gained mutation: [You are very frail. (-20% HP)] [a shining
                  | eye]
 63846 | Slime:5  | Gained mutation: You are weak. (Str -2) [a shining eye]
 63849 | Slime:5  | Gained mutation: You are very weak. (Str -4) [a shining
                  | eye]
 63964 | Slime:5  | Noticed the Royal Jelly
 64354 | Slime:5  | Found a viscous altar of Jiyva.
 64358 | Slime:5  | Found the +7 great mace "Firestarter" {inner flame, rF++}
 64876 | Depths:2 | Voluntarily entered the Abyss.
 65062 | Abyss:3  | Found a hazy altar of Hepliaklqana.
 65163 | Abyss:3  | Found a corrupted altar of Lugonu.
 65328 | Abyss:4  | Paralysed by accursed screaming for 1 turns
 65411 | Abyss:4  | Paralysed by accursed screaming for 1 turns
 65425 | Abyss:4  | Paralysed by accursed screaming for 1 turns
 65433 | Abyss:4  | HP: 6/164 [starcursed mass/accursed screaming (7)]
 65435 | Abyss:5  | Entered Level 5 of the Abyss
 65435 | Abyss:5  | Found a corrupted altar of Lugonu.
 65483 | Depths:2 | Escaped the Abyss
 65804 | Depths:2 | Voluntarily entered the Abyss.
 65921 | Abyss:1  | Noticed an ancient lich
 65949 | Abyss:1  | Paralysed by accursed screaming for 1 turns
 65957 | Abyss:1  | Paralysed by accursed screaming for 1 turns
 65967 | Abyss:1  | Paralysed by accursed screaming for 1 turns
 65986 | Abyss:1  | Killed from afar by a Tzitzimitl

Levels and vault maps discovered:
D:1:      dpeg_arrival_rooms_a, layout_rooms, serial_bayou_pond_e
D:2:      layout_loops_ring, first_ration
D:3:      layout_loops_ring, nicolae_overflow_crystal_walls,
          kennysheep_slug_shrine, ebering_ghost_reflecting_pool
D:4:      layout_basic, kennysheep_mini_moat, minmay_misc_feat_hallway,
          bloody_trog, uniq_pikel, uniq_grinder, uniq_crazy_yiuf_cottage
D:5:      layout_basic, basic_altar, uniq_blork_the_orc
D:6:      layout_layer_cave, minmay_temple_entry_crystal_x, serial_shops,
          nicolae_shop_temple_entry_statues_fountains
D:7:      layout_basic, fedhas_altar_decomposition, minmay_overflow_temple_hex,
          roderic_cross_of_infinity, minmay_misc_feat_nine_boxes, uniq_harold
D:8:      layout_loops_ring, basic_altar, enter_bailey_3, grunt_pizzeria,
          lightli_minifort
D:9:      layout_basic, nicolae_ru_sacrificial_ziggurat
D:10:     layout_basic, dpeg_oklobed_lair, serial_glass, glass_columns_c,
          glass_columns_a, special_room [special_room_orc]
D:11:     cheibrodos_statue_roulette, layout_basic
D:12:     layout_gridville, orc_0_dummy, basic_altar, uniq_urug
D:13:     layout_cross
D:14:     layout_cave_pods, erik_vaults_1, basic_altar, minivault_12
D:15:     gammafunk_depths_entry_grave, layout_rooms,
          nemelex_xobeh_ov_fountains_minmay, hellmonk_ghost_happy_afterlife,
          uniq_agnes, uniq_rupert
Temple:   minmay_temple_bridge_abc
Lair:1:   layout_regular_city, maelrawn_ghost_gauntlet_escape, minivault_19,
          minivault_26, nicolae_quartered_pool_super,
          chequers_serial_rivers_micro_c, beast_lair_carwin_1
Lair:2:   layout_loops_ring, chequers_serial_rivers_small_a
Lair:3:   layout_gridlike, grunt_forest_small_clearings
Lair:4:   layout_big_grid, minmay_swamp_entry_swarm,
          spider_nest_entry_funnel_web, nicolae_volcano_entry_s_turn,
          serial_bayou_ford_a
Lair:5:   layout_gridlike, ice2_lemuel
Lair:6:   minmay_lair_end_enchanted_forest, layout_layer_cave, slime_dummy,
          gauntlet_entry_generic
Swamp:1:  layout_falls_marsh, evilmike_swamp_ruin_rubble_1
Swamp:2:  layout_basic_swamp, evilmike_swamp_ruin_house_4
Swamp:3:  layout_falls_marsh, nicolae_swamp_fairy_circle
Swamp:4:  swamp, layout_basic_swamp
Spider:1: layout_spider_delve, hangedman_spider_tarantella_strand, uniq_nikola
Spider:2: nicolae_spider_mines_1, spiders_nest_hornet_nest
Spider:3: layout_chambers
Spider:4: grunt_spider_rune_parallel, worms_lemuel, uniq_donald,
          uniq_bai_suzhen, uniq_kirke
Slime:1:  layout_caves
Slime:2:  layout_caves, nicolae_slime_ancient_tower_intersection
Slime:3:  layout_caves, basic_altar, cheibrodos_slime_lost_civilization_5
Slime:4:  layout_caves
Slime:5
Orc:1:    layout_caves, portal_ice_cave_entry_pillars_1, nooodl_orcs_dogs
Orc:2:    st_orc_open, layout_caves, serial_shops,
          nicolae_shop_competitors_out_of_business
Elf:1:    minmay_elf_arrival_plus, layout_gridlike, minmay_elf_annihilation,
          uniq_jorgrun
Elf:2:    layout_geoelf_diagonals
Elf:3:    grunt_elf_hall_branching, layout_gridlike, serial_shops, shop, shop,
          shop, grunt_ministairs_5
Vaults:1: gammafunk_vaults_ghost_grave, v_rooms_1, vaults_room_fours,
          grunt_vaults_diagonal, nicolae_vaults_what_the_h, v_alt_pattern_6,
          nicolae_vaults_little_squares_3, v_misc_25, vaults_mumra_hex,
          layout_vaults_omnigrid
Vaults:2: vaults_mumra_hexcomb, nicolae_vaults_stairing_the_circle,
          v_alt_pattern_1, hangedman_vaults_corner, hangedman_vaults_impose,
          hangedman_vaults_nails, nicolae_vaults_ninety_degrees,
          ontoclasm_vaults_twist, grunt_vaults_funnel,
          nicolae_vaults_specimen_jars, grunt_vaults_hallway_long,
          layout_vaults_ring, serial_shops, shop, shop, shop, uniq_saint_roka
Vaults:3: vaults_room_pool, v_misc_27, hangedman_vaults_river_flow,
          ontoclasm_vaults_eye, v_misc_5, dpeg_vaults_monster_box,
          nicolae_vaults_border_crossing, st_lines, layout_vaults_chaotic_city,
          serial_shops, shop
Vaults:4: nicolae_vaults_network_star, grunt_vaults_swirl, v_misc_28,
          hangedman_vaults_pinch, hangedman_vaults_capsules,
          hangedman_vaults_stretched_pinwheel, grunt_vaults_focal,
          ontoclasm_vaults_decontamination, vaults_mumra_minichess_inversion,
          nicolae_vaults_little_squares_6, st_quartered_hall,
          layout_vaults_omnibox, enter_trove_6, serial_shops, bzr_entry_gold,
          uniq_aizul
Depths:1: layout_roguey, serial_shops, shop, corexii_corridor_pit, hell_entry,
          minmay_misc_feat_rugged, kennysheep_decorative_pillar,
          nicolae_two_hexagons, kennysheep_another_room, kennysheep_small_circle
Depths:2: minmay_triangles_in_corner, layout_honeycomb, grunt_hell_horde,
          lemuel_round_altar, abyss_entry_small_statue_room, st_stairs_9,
          nicolae_lava_and_water, minmay_staircase_windowed_large
Depths:3: hourglass_vault, layout_gridlike, hell_entry, pan_entry,
          serial_curves, eino_curves_04, eino_curves_01, eino_curves_04,
          nrook_campfire, infiniplex_staircase_pool_2, uniq_asterion
Depths:4: kennysheep_treasure_stockpile, layout_honeycomb, serial_rivers,
          chequers_serial_rivers_micro_d, chequers_serial_rivers_small_b,
          chequers_serial_rivers_micro_d, chequers_serial_rivers_large_a,
          hell_entry, nicolae_abyss_entry_one_way_or_another,
          grunt_pan_entry_zigzag, serial_bayou_shore_a,
          minmay_staircase_windowed_small
Depths:5: grunt_zot_entry_alcove, layout_basic, enter_ziggurat_a, serial_curves,
          eino_curves_02, eino_curves_04, hell_entry, serial_bayou_lagoon_a,
          grunt_ministairs_14, nicolae_blasting_shop, grunt_decor_cap
Abyss:1:  base: Swamp:3, base: Lair:3, hangedman_abyss_lost_library

Skill      XL: |  1  2  3  4  5  6  7  8  9 10 11 12 13 14 15 16 17 18 19 20 21 22 23 24 25 |
---------------+----------------------------------------------------------------------------+-----
Axes           | 3 4 5 6 8 10 11 12 14 15 16 18 19 21 22 23 25 26 27 | 27.0
Fighting       | 4 5 6 7 8 9 10 11 12 16 18 19 21 | 21.2
Shields        | 4 5 6 7 9 11 12 13 14 17 19 20 | 20.7
Dodging        | 1 |  1.0
Armour         | 4 5 6 7 8 9 11 14 17 18 20 21 22 23 | 23.1
Invocations    | 3 5 6 |  6.7
Maces & Flails | 3 7 9 11 | 11.9
Throwing       | 1 2 |  2.2
Polearms       | 1 6 10 13 | 13.1
Stealth        | 1 |  1.0

Action                   |  1- 3 |  4- 6 |  7- 9 | 10-12 | 13-15 | 16-18 | 19-21 | 22-24 | 25-27 || total
-------------------------+-------+-------+-------+-------+-------+-------+-------+-------+-------++-------
Melee: War axe           |    96 |   240 |   363 |   699 |  1038 |   116 |       |  1111 |   600 ||  4263
       Mace              |       |       |       |   444 |    56 |       |       |       |       ||   500
       Halberd           |       |       |       |    17 |     5 |       |       |       |       ||    22
       Demon trident     |       |       |       |       |   237 |   402 |       |       |       ||   639
       Battleaxe         |       |       |       |       |   427 |   980 |  1353 |   478 |       ||  3238
       Broad axe         |       |       |       |       |       |    96 |       |       |       ||    96
       Great mace        |       |       |       |       |       |    43 |       |       |       ||    43
       Spear             |       |       |       |       |       |   116 |       |       |       ||   116
       Eveningstar       |       |       |       |       |       |       |       |   130 |       ||   130
Throw: Boomerang         |       |       |       |    46 |    15 |       |       |       |       ||    61
       Javelin           |       |       |       |       |    15 |    36 |    16 |    16 |       ||    83
Invok: Upheaval          |       |       |       |    18 |    37 |    36 |    14 |    23 |     8 ||   136
       Elemental Force   |       |       |       |       |    11 |     7 |     8 |     6 |     3 ||    35
       Disaster Area     |       |       |       |       |       |       |     1 |       |     2 ||     3
 Abil: Evoke Flight      |       |       |       |     1 |     2 |       |       |       |       ||     3
       Evoke Blink       |       |       |       |       |       |     3 |     4 |     1 |     1 ||     9
Evoke: Wand              |       |       |     1 |     5 |    19 |     4 |    16 |     8 |       ||    53
  Use: Scroll            |     4 |     5 |     4 |    10 |    17 |    28 |    10 |    14 |     2 ||    94
       Potion            |       |     2 |     1 |     7 |     8 |    17 |     8 |     1 |     9 ||    53
 Stab: Invisible         |       |       |       |       |     5 |     3 |       |       |       ||     8
       Distracted        |       |       |       |       |       |     1 |     1 |     1 |     1 ||     4
       Confused          |       |       |       |       |       |     1 |       |       |       ||     1
  Eat: Chunk             |       |     4 |     2 |     8 |    41 |     9 |    19 |    22 |       ||   105
       Ration            |       |     1 |     3 |     7 |     8 |    13 |     4 |     7 |     3 ||    46
Armor: Scale mail        |    58 |    40 |       |       |       |       |       |       |       ||    98
       Chain mail        |       |    61 |   102 |       |       |    15 |       |       |       ||   178
       Plate armour      |       |       |    36 |   422 |   622 |  1128 |   637 |   696 |   252 ||  3793
       Skin              |       |       |       |       |     1 |     2 |       |       |       ||     3
       Acid dragon scale |       |       |       |       |       |   156 |       |       |       ||   156
Dodge: Dodged            |    41 |    50 |    51 |   156 |   415 |   690 |   399 |   325 |    98 ||  2225
       Deflected         |       |       |       |       |    10 |     9 |    37 |    31 |    10 ||    97
Block: Kite shield       |    51 |   174 |   191 |   942 |  1169 |   584 |       |  1138 |   648 ||  4897
       Reflection        |       |       |       |       |    36 |    13 |    48 |    65 |    15 ||   177
       Other             |       |       |       |       |   123 |   577 |   515 |   197 |       ||  1412

Table legend:
 A = Non-vault XP
 B = Vault XP
 C = Vault XP percentage of total XP
 D = Non-vault monster count
 E = Vault monster count
 F = Vault count percentage of total count
                 A         B        C        D         E       F
            +---------+---------+-------+---------+---------+-------
      Total |  656623 |  440071 |  40.1 |    1562 |     682 |  30.4
            +---------+---------+-------+---------+---------+-------
        D:1 |      41 |       0 |   0.0 |      26 |       0 |   0.0
        D:2 |      77 |       0 |   0.0 |      25 |       0 |   0.0
        D:3 |     259 |     709 |  73.2 |      27 |       3 |  10.0
        D:4 |     751 |     339 |  31.1 |      22 |       2 |   8.3
        D:5 |     533 |     100 |  15.8 |      14 |       1 |   6.7
        D:6 |     521 |       0 |   0.0 |      21 |       0 |   0.0
        D:7 |     587 |    1622 |  73.4 |      12 |       7 |  36.8
        D:8 |    1876 |     438 |  18.9 |      40 |      10 |  20.0
        D:9 |    1989 |       0 |   0.0 |      23 |       0 |   0.0
       D:10 |    6414 |    1777 |  21.7 |      37 |      24 |  39.3
       D:11 |    5461 |    2128 |  28.0 |      49 |       5 |   9.3
       D:12 |    8593 |     694 |   7.5 |      54 |       1 |   1.8
       D:13 |    7602 |    1085 |  12.5 |      23 |       3 |  11.5
       D:14 |   12671 |   14951 |  54.1 |      41 |      20 |  32.8
       D:15 |    8778 |    8924 |  50.4 |      29 |       9 |  23.7
     Lair:1 |    2168 |    3026 |  58.3 |       9 |       6 |  40.0
     Lair:2 |    2864 |    1034 |  26.5 |      15 |       2 |  11.8
     Lair:3 |    4871 |       0 |   0.0 |      25 |       0 |   0.0
     Lair:4 |    6674 |    2661 |  28.5 |      19 |      10 |  34.5
     Lair:5 |    4945 |    2070 |  29.5 |      22 |       8 |  26.7
     Lair:6 |   10782 |    7702 |  41.7 |      37 |      42 |  53.2
    Swamp:1 |    5660 |       0 |   0.0 |      20 |       0 |   0.0
    Swamp:2 |   12648 |       0 |   0.0 |      32 |       0 |   0.0
    Swamp:3 |   10493 |       0 |   0.0 |      33 |       0 |   0.0
    Swamp:4 |    9969 |   17349 |  63.5 |      23 |      28 |  54.9
   Spider:1 |   11541 |    5015 |  30.3 |      31 |       5 |  13.9
   Spider:2 |    9472 |    1637 |  14.7 |      30 |       6 |  16.7
   Spider:3 |    7662 |       0 |   0.0 |      18 |       0 |   0.0
   Spider:4 |   10214 |   37883 |  78.8 |      28 |      64 |  69.6
    Slime:1 |   23610 |       0 |   0.0 |      23 |       0 |   0.0
    Slime:2 |   27669 |       0 |   0.0 |      52 |       0 |   0.0
    Slime:3 |    9154 |       0 |   0.0 |      22 |       0 |   0.0
    Slime:4 |   33877 |    5738 |  14.5 |      58 |       5 |   7.9
    Slime:5 |   13844 |    8512 |  38.1 |      23 |       5 |  17.9
      Orc:1 |    4322 |    1668 |  27.8 |      42 |      15 |  26.3
      Orc:2 |    2223 |   15180 |  87.2 |      30 |      34 |  53.1
      Elf:1 |   15375 |    9824 |  39.0 |      26 |      12 |  31.6
      Elf:2 |   16222 |   21202 |  56.7 |      25 |      27 |  51.9
      Elf:3 |   14718 |   46698 |  76.0 |      29 |      32 |  52.5
   Vaults:1 |   23349 |   23889 |  50.6 |      37 |      32 |  46.4
   Vaults:2 |   21943 |   25869 |  54.1 |      33 |      43 |  56.6
   Vaults:3 |   34400 |   27234 |  44.2 |      55 |      42 |  43.3
   Vaults:4 |   19253 |   39722 |  67.4 |      31 |      43 |  58.1
   Depths:1 |   13478 |    7093 |  34.5 |      16 |       5 |  23.8
   Depths:2 |   38411 |   26211 |  40.6 |      51 |      27 |  34.6
   Depths:3 |   46963 |    8606 |  15.5 |      45 |       9 |  16.7
   Depths:4 |   33925 |   23610 |  41.0 |      37 |      29 |  43.9
   Depths:5 |   43292 |   18708 |  30.2 |      39 |      15 |  27.8
    Abyss:1 |   10016 |       0 |   0.0 |      20 |       0 |   0.0
    Abyss:2 |   10039 |       0 |   0.0 |       7 |       0 |   0.0
    Abyss:3 |    9238 |       0 |   0.0 |      16 |       0 |   0.0
    Abyss:4 |   22805 |    3713 |  14.0 |      57 |       4 |   6.6
    Abyss:5 |    2381 |       0 |   0.0 |       3 |       0 |   0.0
     Bailey |       0 |       1 | 100.0 |       0 |       1 | 100.0
      IceCv |       0 |    9947 | 100.0 |       0 |      36 | 100.0
   Gauntlet |       0 |    5502 | 100.0 |       0 |      10 | 100.0
            +---------+---------+-------+---------+---------+-------
